 Dungeon Crawl Stone Soup version 0.14-a0-2592-g262d02f (webtiles) character file.

157790 4tharraofdagon the Pyromancer (level 17, -3/158 HPs)
             Began as a Djinni Fire Elementalist on Feb 11, 2014.
             Was the Champion of Vehumet.
             Killed from afar by a merfolk aquamancer (49 damage)
             ... with a great wave of water
             ... on Level 5 of the Shoals on Feb 12, 2014.
             The game lasted 03:10:47 (18790 turns).

4tharraofdagon the Pyromancer (DjFE)               Turns: 18790, Time: 03:10:47

HP  -3/158       AC  7     Str 10      XL: 17   Next: 11%
MP   0/0         EV 11     Int 24      God: Vehumet [******]
Gold 970         SH  0     Dex 17      Spells: 10 memorised,  6 levels left

rFire  + + +     SeeInvis +     y - staff of energy
rCold  x . .     Clarity  .     F - +0 leather armour of Twilight {+Inv +Fly SInv}
rNeg   + + +     Conserve +     (no shield)
rPois  .         rCorr    .     f - +2 hat of the High Council {Archmagi, Wiz- Stlth-}
rElec  .         rRot     .     j - +0 elf cloak
SustAb . .       Spirit   .     D - +0 pair of gloves
rMut   .         Warding  .     (boots unavailable)
Saprov . . .     Stasis   .     M - amulet "Tyonwuc" {Cons Dex+3 Int+3}
MR     +....                    N - ring of wizardry
                                I - ring of magical power

@: regenerating, flying, very slightly contaminated, somewhat resistant to
hostile enchantments, fairly stealthy
A: fire immunity, cold vulnerability, mutation resistance 1, life protection 3,
regeneration 1
a: Renounce Religion, Evoke Invisibility


You were on level 5 of the Shoals.
You worshipped Vehumet.
Vehumet was exalted by your worship.
You were not hungry.

You visited 6 branches of the dungeon, and saw 33 of its levels.
You visited the Abyss 2 times.
You also visited: Labyrinth, Ice Cave and Volcano.

You collected 3408 gold pieces.
You spent 2438 gold pieces at shops.

Inventory:

Armour
 f - the +2 hat of the High Council (worn) {Archmagi, Wiz- Stlth-}
   (You bought it in a shop on level 4 of the Dungeon)

   It makes you less stealthy.
 j - a +0 elven cloak (worn)
 D - a +0 pair of gloves (worn)
 F - the +0 leather armour of Twilight (worn) {+Inv +Fly SInv}
   (You took it off a deep elf demonologist on level 3 of the Elven Halls)

   It enhances your eyesight.
   It lets you turn invisible.
   It lets you fly.
 W - a +0 hat of intelligence
Magical devices
 C - a wand of teleportation (9)
 H - a wand of heal wounds (8)
 K - a wand of hasting (1)
 L - a wand of teleportation (2)
 U - a wand of fire (5)
Comestibles
 p - a royal jelly
Scrolls
 n - 3 scrolls of amnesia
 r - 6 scrolls of remove curse
 A - 2 scrolls of blinking
 B - 3 scrolls of enchant armour
 P - 3 scrolls of teleportation
 T - 2 scrolls of fog
Jewellery
 a - an uncursed amulet of resist mutation
 v - an uncursed amulet of stasis
 I - a ring of magical power (left hand)
 M - the amulet "Tyonwuc" (around neck) {Cons Dex+3 Int+3}
   (You took it off a deep elf summoner on level 3 of the Elven Halls)

   [amulet of conservation]

   It affects your intelligence (+3).
   It affects your dexterity (+3).
 N - a ring of wizardry (right hand)
 Q - an uncursed ring of invisibility
 R - an uncursed ring of poison resistance
Potions
 d - 3 potions of restore abilities
 e - 4 potions of curing
 k - a potion of resistance
 q - a potion of cure mutation
 t - 5 potions of brilliance
 z - a potion of heal wounds
 E - 3 potions of speed
Books
 b - a book of Enchantments

   Spells                             Type                      Level
   Cause Fear                         Hexes                        4
   Silence                            Hexes/Air                    5
   Tukima's Dance                     Hexes                        5
   Deflect Missiles                   Charms/Air                   6
   Haste                              Charms                       6
   Discord                            Hexes                        8
 c - a book of Fire

   Spells                             Type                      Level
   Fire Brand                         Charms/Fire                  2
   Ignite Poison                      Fire/Transmutation           5
   *Fireball                          Conjuration/Fire             5
   Bolt of Fire                       Conjuration/Fire             6
   *Delayed Fireball                  Conjuration/Fire             7
   Ring of Flames                     Charms/Fire                  7
 g - the Papyrus of Mutagenic Poisoning
   (You found it on level 3 of the Elven Halls)

   Spells                             Type                      Level
   Sting                              Conjuration/Poison           1
   *Cure Poison                       Poison                       2
   Spider Form                        Transmutation/Poison         3
   Olgreb's Toxic Radiance            Poison                       4
   Alistair's Intoxication            Transmutation/Poison         4
 h - a book of Burglary

   Spells                             Type                      Level
   *Apportation                       Translocation                1
   Swiftness                          Charms/Air                   2
   Passwall                           Transmutation/Earth          3
   Passage of Golubria                Translocation                4
   Lee's Rapid Deconstruction         Earth                        5
   Darkness                           Hexes                        7
 l - a book of Alchemy

   Spells                             Type                      Level
   Lethal Infusion                    Charms/Necromancy            2
   *Sublimation of Blood              Necromancy                   2
   Condensation Shield                Ice                          4
   Alistair's Intoxication            Transmutation/Poison         4
   Petrify                            Transmutation/Earth          4
   Ignite Poison                      Fire/Transmutation           5
 u - the Almanac of the Arsonist
   (You found it on level 3 of the Elven Halls)

   Spells                             Type                      Level
   Fire Brand                         Charms/Fire                  2
   Bolt of Fire                       Conjuration/Fire             6
   *Delayed Fireball                  Conjuration/Fire             7
 G - a book of Burglary

   Spells                             Type                      Level
   *Apportation                       Translocation                1
   Swiftness                          Charms/Air                   2
   Passwall                           Transmutation/Earth          3
   Passage of Golubria                Translocation                4
   Lee's Rapid Deconstruction         Earth                        5
   Darkness                           Hexes                        7
 O - Igoucsui's Catalogue of the Unstable Rocks
   (You found it in a labyrinth)

   Spells                             Type                      Level
   Passwall                           Transmutation/Earth          3
   Petrify                            Transmutation/Earth          4
   Shatter                            Earth                        9
 Y - a book of the Sky

   Spells                             Type                      Level
   Flight                             Charms/Air                   3
   Airstrike                          Air                          4
   Silence                            Hexes/Air                    5
   Deflect Missiles                   Charms/Air                   6
   Conjure Ball Lightning             Conjuration/Air              6
   Tornado                            Air                          9
 Z - a book of the Warp

   Spells                             Type                      Level
   Recall                             Summoning/Translocation      3
   Control Teleport                   Charms/Translocation         4
   Phase Shift                        Translocation                5
   Warp Weapon                        Charms/Translocation         5
   Dispersal                          Translocation                6
   Controlled Blink                   Translocation                7
   Disjunction                        Translocation                8
Magical staves
 o - an uncursed staff of wizardry
 y - an uncursed staff of energy (weapon)
 J - an uncursed staff of conjuration
Miscellaneous
 i - an ornate deck of war {the Elixir}
 s - a fan of gales
 S - a fan of gales
 V - a fan of gales
Rods
 w - a +5 rod of destruction (14/14)
   (You found it on level 3 of the Elven Halls)


   Skills:
 - Level 9.0 Fighting
 - Level 1.7 Dodging
 - Level 1.5 Stealth
 + Level 13.9 Spellcasting
 * Level 18.5 Conjurations
 - Level 1.5 Charms
 - Level 1.7 Necromancy
 * Level 21.9 Fire Magic
 - Level 10.0 Evocations


You had 6 spell levels left.
You knew the following spells:

 Your Spells              Type           Power        Failure   Level  Hunger
a - Repel Missiles        Chrm/Air       ####..       6%          2    None
b - Fire Storm            Conj/Fire      ########..   24%         9    None
c - Sticky Flame          Conj/Fire      ########     1%          4    None
d - Fireball              Conj/Fire      ########..   1%          5    None
e - Cure Poison           Pois           ####......   7%          2    None
f - Delayed Fireball      Conj/Fire      N/A          1%          7    None
g - Orb of Destruction    Conj           ########..   1%          7    None
h - Regeneration          Chrm/Necr      #####.....   7%          3    None
j - Apportation           Tloc           ####......   6%          1    None
k - Sublimation of Blood  Necr           #####.....   4%          2    None


Dungeon Overview and Level Annotations

Branches:
Dungeon (12/16)            Temple (1/1) D:4             Orc (4/4) D:11
    Elf (3/3) Orc:4          Lair (8/8) D:10         Shoals (5/5) Lair:5
  Slime (0/6) Lair:8
  Swamp: Lair:3-6     Snake: Lair:3-6    Spider: Lair:3-6

Altars:
Ashenzari
Cheibriados
Elyvilon
Fedhas
Kikubaaqudgha
Makhleb
Okawaru
Vehumet
Xom
Zin
The Shining One
Beogh

Shops:
D:4 [   D:10 [*}%!   D:11 }   Orc:4 //(:   Elf:3 *

Portals:
Trove: Elf:2 (give +6,+4 demon blade)

Annotations:
D:10 Fannar


Innate Abilities, Weirdness & Mutations

You are immune to all types of fire, even holy and hellish.
You are vulnerable to cold.
You need no food.
You have no legs.
You are immune to negative energy.
You are somewhat resistant to further mutation.
Your natural rate of healing is unusually fast.


Message History

The merfolk aquamancer casts a spell at you.
The great wave of water hits you! The water douses you terribly!
You are knocked back by the great wave of water.
The wave splashes down.
The orb of destruction hits the sea snake.
The sea snake is almost dead.
Casting: Orb of Destruction
Confirm with . or Enter, or press ? or * to list all spells.
Aiming: Fireball
Press: ? - help, Shift-Dir - straight line, f/p - sea snake
Aim: a sea snake (almost dead)
You feel a surge of power!
The fireball explodes!
The fireball engulfs the sea snake.
You kill the sea snake!
Vehumet accepts your kill.
The fireball engulfs the plant.
The plant is severely damaged.
The merfolk aquamancer casts a spell at you.
The great wave of water hits you! The water douses you terribly!
You die...

.PP≈#####≈...(%.≈......
...≈≈≈≈≈≈..###(.m.......
##..P≈≈≈≈≈.P #...##.....
.##.≈≈P≈....###...### ...
..#P≈≈.≈........%...# .....
..#≈P≈..P%.....))%.## P..PP≈
..#PP≈..≈.....§§≈..###...≈≈≈
.##≈≈≈m.≈..##.P.)≈.PP..P..≈≈
##≈<≈≈≈≈≈≈.##.%.@≈....P..≈≈≈≈
.≈≈≈≈≈≈≈≈≈.##(...))......≈≈≈≈
≈≈..≈≈≈≈≈≈P.........P....≈≈≈≈
≈<≈P≈≈≈≈≈≈≈[≈≈.......#####≈≈
≈≈≈P≈≈≈≈(≈)≈≈≈≈≈≈().##...##
≈≈≈≈≈P≈%..≈≈≈≈≈≈≈.).#.....#≈≈≈
≈≈≈≈≈≈≈≈≈≈≈≈≈≈≈≈.(..'..)..#≈P≈.
≈≈≈≈m≈≈≈≈≈≈≈%)≈..(..#.....#PP≈##
≈≈≈≈≈≈≈≈≈..≈≈≈......##...##≈P≈..≈


You could see a merfolk aquamancer.

Vanquished Creatures
  2 deep elf blademasters (Elf:3)
  A deep elf master archer (Elf:3)
  Polyphemus (Shoals:2)
  Kirke (Shoals:4)
  Ilsuiw (Shoals:5)
  An orc warlord (Orc:4)
  Maud (Lair:7)
  8 deep elf sorcerers (Elf:3)
  Gastronok (Orc:3)
  Jorgrun (Shoals:5)
  3 deep elf demonologists (Elf:3)
  7 deep elf annihilators (Elf:3)
  4 merfolk javelineers (Shoals:5)
  6 deep elf death magi (Elf:3)
  8 merfolk impalers
  A minotaur (Lab)
  3 sirens (Shoals:5)
  3 deep elf high priests (Elf:3)
  6 merfolk aquamancers
  Nessos (Orc:4)
  3 hydras
  13 death yaks
  2 satyrs (Shoals:4)
  A thrashing horror (Abyss:1)
  5 orc high priests
  A catoblepas (Shoals:2)
  2 soul eaters (Elf:3)
  2 spectral elves (Elf:3)
  9 sea snakes
  4 deep elf knights
  A large abomination (Abyss:1)
  A skeletal warrior (D:11)
  2 starcursed masses (Abyss:1)
  2 water nymphs (Shoals:5)
  3 ice statues (IceCv)
  A hill giant (D:10)
  12 deep elf conjurers
  Joseph (D:10)
  A cyclops (Shoals:4)
  5 orc knights
  7 griffons
  4 orc sorcerers (Orc:4)
  4 manticores
  A hell beast (Elf:3)
  6 elephants (Lair:8)
  4 octopodes
  12 harpies
  An orange demon (Elf:3)
  5 black mambas
  4 deep elf summoners
  15 fauns
  13 spiny frogs
  8 mermaids
  An ancient zyme (Abyss:1)
  A deep elf priest (Elf:2)
  19 merfolk
  4 komodo dragons
  6 trolls
  Prince Ribbit (D:5)
  A wind drake (Shoals:5)
  2 giant leeches (Lair:8)
  9 snapping turtles
  14 blink frogs
  12 water elementals
  A redback (Elf:1)
  A basilisk (Lair:7)
  10 deep elf magi
  A shadow (D:11)
  A neqoxec (Abyss:1)
  2 vampires (Volcano)
  3 sharks
  28 yaks
  8 hippogriffs
  4 hogs (Shoals:4)
  9 deep elf fighters
  A chaos spawn (Elf:3)
  11 wolves
  5 vampire mosquitoes (Lair:8)
  A necrophage (D:10)
  3 sky beasts
  8 porcupines
  2 giant goldfish (Lair:8)
  8 ogres
  10 ice beasts
  2 phantoms
  6 crocodiles
  5 centaurs
  21 orc warriors
  A boring beetle (Lair:8)
  25 giant frogs
  3 giant slugs
  2 wargs
  A lost soul (Elf:3)
  4 water moccasins
  7 jellies
  A jellyfish (Lair:8)
  10 wights (D:10)
  An eye of draining (D:10)
  4 killer bees
  3 crimson imps
  A goliath beetle (D:9)
  5 hounds
  An iron imp (Elf:3)
  A giant frog skeleton (D:5)
  A big fish (Lair:8)
  A quasit (D:10)
  23 orc wizards
  18 orc priests
  A scorpion (D:9)
  7 worker ants
  4 iguanas
  21 sheep
  Ijyb (D:4)
  A big kobold skeleton (D:11)
  A mummy (D:11)
  A worker ant zombie (D:9)
  4 gnolls (D:10)
  31 green rats
  An orc zombie (D:7)
  17 adders
  2 giant centipedes
  12 white imps (Orc:1)
  A giant mite (D:5)
  4 worms
  An adder skeleton (D:4)
  7 giant geckos
  An ooze (Lair:8)
  133 orcs
  A ball python (D:7)
  6 bats
  7 goblins
  5 hobgoblins
  7 jackals
  8 kobolds
  7 quokkas
  A giant newt (D:3)
  A hobgoblin zombie (D:8)
  8 rats
  A rat skeleton (D:6)
  2 crawling corpses (Elf:2)
  4 fungi (Lair:8)
  9 plants
867 creatures vanquished.

Vanquished Creatures (collateral kills)
  2 killer bees (D:7)
2 creatures vanquished.

Vanquished Creatures (others)
  A griffon (Lair:8)
  4 fire vortices (Shoals:4)
  A blink frog (Lair:8)
  5 slime creatures (D:10)
  A human (Shoals:4)
  A giant frog (Lair:8)
  An orc priest (Orc:2)
  An adder (Lair:8)
  11 fungi
  5 plants
31 creatures vanquished.

Grand Total: 900 creatures vanquished

Notes
Turn   | Place    | Note
--------------------------------------------------------------
     0 | D:1      | 4tharraofdagon, the Djinni Fire Elementalist, began the quest for the Orb.
     0 | D:1      | Reached XP level 1. HP: 14/14 MP: 0/0
    94 | D:2      | Reached XP level 2. EP: 15/22
   378 | D:4      | Found Xathaax's Armour Shop.
   407 | D:4      | Reached skill level 5 in Fire Magic
   407 | D:4      | Reached XP level 3. EP: 18/27
   412 | D:4      | Learned a level 3 spell: Conjure Flame
   439 | D:4      | Noticed Ijyb
   473 | D:5      | Entered Level 5 of the Dungeon
   502 | D:5      | Noticed a phantom
   594 | D:5      | Killed a phantom
   594 | D:5      | Reached XP level 4. EP: 4/36
   594 | D:5      | Reached XP level 5. EP: 4/43
   716 | D:5      | Learned a level 4 spell: Sticky Flame
   847 | D:6      | Noticed an ice beast
   857 | D:6      | Killed an ice beast
   857 | D:6      | Reached skill level 1 in Fighting
   857 | D:6      | Reached skill level 6 in Fire Magic
   962 | D:6      | Noticed an orc warrior
   985 | D:5      | Reached XP level 6. EP: 24/51
  1005 | D:5      | Noticed an ice beast
  1015 | D:5      | Noticed Prince Ribbit
  1048 | D:5      | Killed Prince Ribbit
  1048 | D:5      | Reached skill level 7 in Fire Magic
  1190 | D:5      | Killed an ice beast
  1190 | D:5      | Reached XP level 7. EP: 21/61
  1211 | D:5      | Learned a level 5 spell: Fireball
  1298 | D:4      | Found a staircase to the Ecumenical Temple.
  1304 | Temple   | Entered the Ecumenical Temple
  1330 | Temple   | Became a worshipper of Vehumet
  1364 | D:4      | Reached skill level 5 in Conjurations
  1386 | D:4      | Killed Ijyb
  2063 | D:7      | Reached skill level 8 in Fire Magic
  2098 | D:7      | :(
  2175 | D:7      | Reached XP level 8. EP: 16/69
  2189 | D:7      | Acquired Vehumet's first power
  2189 | D:7      | Offered knowledge of Sandblast by Vehumet.
  2190 | D:7      | #1
  2387 | D:7      | Reached skill level 9 in Fire Magic
  2598 | D:7      | Reached skill level 5 in Spellcasting
  2930 | D:9      | Offered knowledge of Magic Dart by Vehumet.
  2932 | D:9      | #2
  2944 | D:10     | Entered Level 10 of the Dungeon
  2944 | D:10     | Found Jemueh's Food Shoppe.
  2944 | D:10     | Found Cuzxuhuf's Gadget Emporium.
  2972 | D:10     | Killed a slime creature
  2973 | D:10     | Killed a slime creature
  2974 | D:10     | Noticed a slime creature
  2975 | D:10     | Noticed a slime creature
  2975 | D:10     | Killed a slime creature
  2975 | D:10     | Killed a slime creature
  2977 | D:10     | Noticed a slime creature
  2982 | D:10     | Killed a slime creature
  2993 | D:10     | Noticed a hill giant
  3003 | D:10     | Killed a hill giant
  3003 | D:10     | Reached skill level 10 in Fire Magic
  3003 | D:10     | Reached XP level 9. EP: 29/78
  3485 | D:10     | Found Geaweafe's Armour Shoppe.
  3491 | D:10     | Found Bliulorgh's General Store.
  3504 | D:10     | COCKATRICE FTW
  3542 | D:10     | Noticed Joseph
  3626 | D:10     | Killed Joseph
  3631 | D:10     | Found a staircase to the Lair.
  3813 | D:10     | Found Vaexavef's Distillery.
  3831 | D:10     | Reached skill level 11 in Fire Magic
  3868 | D:10     | Bought a potion of heal wounds for 45 gold pieces
  3868 | D:10     | Bought a potion of heal wounds for 45 gold pieces
  3868 | D:10     | Bought a potion of paralysis for 15 gold pieces
  3869 | D:10     | Bought a potion of restore abilities for 45 gold pieces
  3875 | D:10     | Noticed Fannar
  4023 | D:10     | Offered knowledge of Searing Ray by Vehumet.
  4024 | D:10     | #3
  4247 | Lair:1   | Entered Level 1 of the Lair of Beasts
  4289 | Lair:1   | Acquired Vehumet's second power
  4303 | Lair:1   | Noticed a five-headed hydra
  4315 | Lair:1   | Killed a five-headed hydra
  4315 | Lair:1   | Reached XP level 10. EP: 36/90
  4707 | Lair:1   | Reached skill level 5 in Fighting
  4707 | Lair:1   | Reached skill level 12 in Fire Magic
  4707 | Lair:1   | Reached skill level 10 in Conjurations
  4710 | Lair:1   | Offered knowledge of Mephitic Cloud by Vehumet.
  5134 | Lair:2   | Acquired Vehumet's third power
  5136 | Lair:2   | #4
  5146 | Lair:2   | Reached skill level 13 in Fire Magic
  5229 | Lair:2   | Offered knowledge of Olgreb's Toxic Radiance by Vehumet.
  5230 | Lair:2   | #5
  5231 | Lair:2   | Reached XP level 11. EP: 58/99
  5579 | Lair:4   | Found a labyrinth entrance.
  5588 | Lab      | Entered a labyrinth
  7055 | Lab      | Noticed a minotaur
  7061 | Lab      | Killed a minotaur
  7067 | Lab      | Got a crude scale mail
  7067 | Lab      | Got a flickering jade amulet
  7067 | Lab      | Identified Igoucsui's Catalogue of the Unstable Rocks (You found it in a labyrinth)
  7083 | Lab      | Identified the +2 scale mail of Gluttony {Dex-1 Int-3} (You found it in a labyrinth)
  7107 | Lab      | Learned a level 2 spell: Cure Poison
  7165 | Lair:4   | Identified the amulet "Cload Idi" {Stasis Str+3 Int-4} (You found it in a labyrinth)
  7641 | Lair:4   | Reached skill level 14 in Fire Magic
  7921 | Lair:5   | Found a staircase to the Shoals.
  8135 | Lair:6   | Noticed an eight-headed hydra
  8139 | Lair:6   | Killed an eight-headed hydra
  8367 | Lair:7   | Offered knowledge of Lightning Bolt by Vehumet.
  8370 | Lair:7   | #6
  8474 | Lair:8   | Entered Level 8 of the Lair of Beasts
  8476 | Lair:8   | Noticed a death yak
  8495 | Lair:8   | Noticed a death yak
  8521 | Lair:7   | Killed a death yak
  8714 | Lair:8   | Reached XP level 12. EP: 60/109
  8715 | Lair:8   | Reached skill level 15 in Fire Magic
  8862 | Lair:8   | Noticed a death yak
  8869 | Lair:8   | Killed a death yak
  8869 | Lair:8   | Killed a death yak
  8870 | Lair:8   | Noticed a death yak
  8872 | Lair:8   | Noticed a death yak
  8896 | Lair:8   | Killed a death yak
  8899 | Lair:8   | Killed a death yak
  9667 | Lair:8   | Noticed a death yak
  9667 | Lair:8   | Noticed a death yak
  9668 | Lair:8   | Noticed a death yak
  9800 | Lair:8   | Reached skill level 16 in Fire Magic
 10077 | Lair:8   | Found a staircase to the Slime Pits.
 10087 | Lair:8   | Offered knowledge of Delayed Fireball by Vehumet.
 10088 | Lair:8   | #7
 10125 | Lair:7   | Learned a level 7 spell: Delayed Fireball
 10316 | Lair:8   | Reached skill level 10 in Spellcasting
 10668 | Lair:8   | Noticed a death yak
 10676 | Lair:8   | Killed a death yak
 10676 | Lair:8   | Reached XP level 13. EP: 42/119
 10676 | Lair:8   | Killed a death yak
 10725 | Lair:8   | Killed a death yak
 10726 | Lair:8   | Killed a death yak
 11355 | Lair:7   | Noticed Maud
 11605 | Lair:5   | Reached skill level 17 in Fire Magic
 11761 | Lair:7   | Killed Maud
 12146 | Lair:5   | Offered knowledge of Bolt of Draining by Vehumet.
 12535 | D:9      | Noticed a troll
 12537 | D:9      | Killed a troll
 12632 | D:11     | Found Mniowui's Gadget Shoppe.
 12727 | D:11     | Found a staircase to the Orcish Mines.
 12741 | Orc:1    | Entered Level 1 of the Orcish Mines
 12765 | Orc:1    | Reached skill level 1 in Evocations
 12859 | Orc:1    | Found a frozen archway.
 12860 | Orc:1    | Offered knowledge of Bolt of Magma by Vehumet.
 12862 | Orc:1    | #8
 12940 | IceCv    | Entered an ice cave
 13053 | IceCv    | Identified Sif Muna's Volume of Evil Protection
 13061 | IceCv    | Learned a level 2 spell: Repel Missiles
 13083 | IceCv    | Gained mutation: Your natural rate of healing is unusually fast. [potion of mutation]
 13083 | IceCv    | Gained mutation: You are somewhat resistant to further mutation. [potion of mutation]
 13535 | Orc:3    | Noticed Gastronok
 13539 | Orc:3    | Offered knowledge of Iron Shot by Vehumet.
 13543 | Orc:3    | Killed Gastronok
 13543 | Orc:3    | Reached skill level 5 in Evocations
 13579 | Orc:3    | Found a dark tunnel.
 13597 | Volcano  | Entered a volcano
 13998 | D:4      | Bought the +2 hat of the High Council {Archmagi, Wiz- Stlth-} for 828 gold pieces
 14341 | Orc:4    | Entered Level 4 of the Orcish Mines
 14341 | Orc:4    | Found a staircase to the Elven Halls.
 14341 | Orc:4    | Noticed Nessos
 14343 | Orc:4    | Killed Nessos
 14517 | Orc:4    | Found a roughly hewn altar of Beogh.
 14640 | Orc:4    | Offered knowledge of Orb of Destruction by Vehumet.
 14652 | Orc:4    | Learned a level 7 spell: Orb of Destruction
 14652 | Orc:4    | #9
 14652 | Orc:4    | #10
 14780 | Orc:4    | Reached XP level 14. EP: 118/130
 14813 | Orc:4    | Found Kaosch's Antique Weapon Boutique.
 14813 | Orc:4    | Found Erikhod's Magical Wand Boutique.
 14814 | Orc:4    | Found Khoics' Magical Wand Shoppe.
 14824 | Orc:4    | Found Shiyptet's Book Shoppe.
 14845 | Orc:4    | Bought a wand of heal wounds (1) for 390 gold pieces
 14845 | Orc:4    | Bought a wand of hasting (1) for 390 gold pieces
 14861 | Orc:4    | Bought a book of Battle for 560 gold pieces
 14866 | Orc:4    | Learned a level 3 spell: Regeneration
 14885 | Orc:4    | Noticed an orc warlord
 14889 | Orc:4    | Reached skill level 1 in Necromancy
 14910 | Orc:4    | Killed an orc warlord
 14910 | Orc:4    | Reached skill level 1 in Charms
 15009 | Elf:1    | Entered Level 1 of the Elven Halls
 15017 | Elf:1    | Offered knowledge of Poisonous Cloud by Vehumet.
 15024 | Elf:1    | #11
 15228 | Elf:1    | Reached skill level 18 in Fire Magic
 15283 | Elf:2    | Reached skill level 15 in Conjurations
 15321 | Elf:2    | Found a portal to a secret trove of treasure.
 15369 | Elf:3    | Entered Level 3 of the Elven Halls
 15416 | Elf:3    | Noticed a deep elf sorcerer
 15422 | Elf:3    | Cast into the Abyss (deep elf sorcerer)
 15471 | Abyss:1  | Learned a level 6 spell: Bolt of Fire
 15613 | Elf:3    | Escaped the Abyss
 15618 | Elf:3    | Killed a deep elf sorcerer
 15703 | Elf:3    | Found Zowijen's Assorted Antiques.
 15715 | Elf:3    | Bought a potion of heal wounds for 90 gold pieces
 15715 | Elf:3    | Bought a scroll labeled INGUOGUL SKIE for 30 gold pieces
 15780 | Elf:3    | Cast into the Abyss (deep elf demonologist)
 15817 | Abyss:1  | Found a sparkling altar of Nemelex Xobeh.
 15884 | Abyss:1  | Found a corrupted altar of Lugonu.
 15912 | Elf:3    | Escaped the Abyss
 15914 | Elf:3    | Noticed a deep elf sorcerer
 15914 | Elf:3    | Noticed a deep elf sorcerer
 15916 | Elf:3    | Killed a deep elf sorcerer
 15918 | Elf:3    | Killed a deep elf sorcerer
 15919 | Elf:3    | Noticed a deep elf sorcerer
 15921 | Elf:3    | Noticed a deep elf sorcerer
 15922 | Elf:3    | Killed a deep elf sorcerer
 15922 | Elf:3    | Reached XP level 15. EP: 64/135
 15924 | Elf:3    | Killed a deep elf sorcerer
 15926 | Elf:3    | Noticed a deep elf sorcerer
 15926 | Elf:3    | Noticed a deep elf sorcerer
 15927 | Elf:3    | Killed a deep elf sorcerer
 15927 | Elf:3    | Reached skill level 19 in Fire Magic
 15930 | Elf:3    | Killed a deep elf sorcerer
 16042 | Elf:3    | Noticed a deep elf sorcerer
 16043 | Elf:3    | Killed a deep elf sorcerer
 16043 | Elf:3    | Reached skill level 10 in Evocations
 16088 | Elf:3    | Got a transparent leather armour
 16094 | Elf:3    | Noticed a deep elf blademaster
 16098 | Elf:3    | Killed a deep elf blademaster
 16099 | Elf:3    | Noticed a deep elf blademaster
 16101 | Elf:3    | Killed a deep elf blademaster
 16181 | Elf:3    | Identified Sif Muna's Guide on Lethal Beguiling (You found it on level 3 of the Elven Halls)
 16190 | Elf:3    | Learned a level 1 spell: Apportation
 16216 | Elf:3    | Identified the Almanac of the Arsonist
 16234 | Elf:3    | Identified Pingamm's Volume of Philately
 16239 | Elf:3    | Noticed a deep elf master archer
 16240 | Elf:3    | Identified the Papyrus of Mutagenic Poisoning (You found it on level 3 of the Elven Halls)
 16242 | Elf:3    | Killed a deep elf master archer
 16275 | Elf:3    | Identified a +5 rod of destruction (14/14) (You found it on level 3 of the Elven Halls)
 16296 | Elf:3    | Got a glittering silver amulet
 16330 | Elf:3    | Identified the amulet "Tyonwuc" {Cons Dex+3 Int+3} (You took it off a deep elf summoner on level 3 of the Elven Halls)
 16414 | Elf:3    | Identified the +0 leather armour of Twilight {+Inv +Fly SInv} (You took it off a deep elf demonologist on level 3 of the Elven Halls)
 16480 | D:11     | Upgraded the game from 0.14-a0-2564-g94087c3 to 0.14-a0-2592-g262d02f
 16871 | Shoals:1 | Entered Level 1 of the Shoals
 16922 | Shoals:1 | Reached skill level 20 in Fire Magic
 17259 | Shoals:2 | Reached XP level 16. EP: 138/144
 17458 | Shoals:2 | Noticed Polyphemus
 17489 | Shoals:2 | Killed Polyphemus
 17526 | Shoals:2 | Learned a level 2 spell: Sublimation of Blood
 17760 | Shoals:4 | Noticed Kirke
 17764 | Shoals:4 | Killed Kirke
 17850 | Shoals:4 | Reached skill level 21 in Fire Magic
 17879 | Shoals:5 | Entered Level 5 of the Shoals
 17887 | Shoals:5 | Noticed Ilsuiw
 18089 | Shoals:4 | Offered knowledge of Lehudib's Crystal Spear by Vehumet.
 18089 | Shoals:4 | Offered knowledge of Fire Storm by Vehumet.
 18089 | Shoals:4 | Offered knowledge of Chain Lightning by Vehumet.
 18117 | Shoals:4 | Learned a level 9 spell: Fire Storm
 18268 | Shoals:5 | Noticed Jorgrun
 18274 | Shoals:5 | Killed Jorgrun
 18442 | Shoals:5 | Killed Ilsuiw
 18638 | Shoals:5 | Reached XP level 17. EP: 122/149
 18790 | Shoals:5 | Killed from afar by a merfolk aquamancer

Action                   |  1- 3 |  4- 6 |  7- 9 | 10-12 | 13-15 | 16-18 || total
-------------------------+-------+-------+-------+-------+-------+-------++-------
Melee: Unarmed           |     8 |       |       |       |       |       ||     8
       Dagger            |     6 |    26 |     8 |       |       |       ||    40
       Long sword        |       |       |    58 |       |       |       ||    58
       Flail             |       |       |     9 |       |       |       ||     9
       Halberd           |       |       |    24 |    55 |       |       ||    79
       Staff             |       |       |       |    40 |    98 |       ||   138
 Cast: Flame Tongue      |    26 |    23 |    99 |    13 |       |       ||   161
       Conjure Flame     |     2 |     6 |    15 |    25 |    12 |       ||    60
       Sticky Flame      |       |       |    30 |    51 |    57 |     4 ||   142
       Fireball          |       |       |       |   110 |   233 |   100 ||   443
       Delayed Fireball  |       |       |       |     1 |    17 |    11 ||    29
       Cure Poison       |       |       |       |       |     1 |     1 ||     2
       Regeneration      |       |       |       |       |    42 |    76 ||   118
       Bolt of Fire      |       |       |       |       |    31 |    11 ||    42
       Orb of Destructio |       |       |       |       |     8 |    42 ||    50
       Apportation       |       |       |       |       |     5 |     9 ||    14
       Sublimation of Bl |       |       |       |       |       |    10 ||    10
       Fire Storm        |       |       |       |       |       |     4 ||     4
       Repel Missiles    |       |       |       |       |       |     2 ||     2
 Abil: Release Delayed F |       |       |       |       |    17 |    12 ||    29
Evoke: Wand              |       |       |    22 |     4 |     3 |       ||    29
       Staff of energy   |       |       |       |       |   158 |    13 ||   171
  Use: Scroll            |     6 |     2 |     9 |    12 |    16 |     2 ||    47
       Potion            |     1 |     3 |     6 |     2 |     5 |     5 ||    22
 Stab: Sleeping          |       |       |       |     3 |       |       ||     3
